 Dungeon Crawl Stone Soup version 0.22-a0-479-gc6e99f3 (webtiles) character file.

107 saradell the Skirmisher (level 4, -10/40 HPs)
             Began as a Draconian Berserker on June 14, 2018.
             Was a Believer of Trog.
             Mangled by Crazy Yiuf
             ... wielding a +3 quarterstaff of chaos
              (18 damage)
             ... on level 1 of the Dungeon.
             The game lasted 00:26:06 (1393 turns).

saradell the Skirmisher (Draconian Berserker)       Turns: 1393, Time: 00:26:07

Health: -10/40     AC:  5    Str: 21    XL:     4   Next: 56%
Magic:  4/4        EV: 13    Int:  7    God:    Trog [**....]
Gold:   86         SH:  0    Dex: 10    Spells: 3/3 levels left

rFire    . . .     SeeInvis .   n - +2 whip (flame)
rCold    . . .     Gourm    .   (no shield)
rNeg     . . .     Faith    .   (armour unavailable)
rPois    .         Spirit   .   (helmet restricted)
rElec    .         Reflect  .   (no cloak)
rCorr    .         Harm     .   (no gloves)
MR       .....                  (no boots)
Stlth    +.........             (no amulet)
HPRegen  0.13/turn              (no ring)
MPRegen  0.09/turn              (no ring)

@: very slightly contaminated, drained, invisible (expiring)
A: unfitting armour, cold-blooded, AC +5
a: Berserk, Trog's Hand, Renounce Religion


You were on level 1 of the Dungeon.
You worshipped Trog.
Trog was pleased with you.
You were not hungry.

You visited 1 branch of the dungeon, and saw 2 of its levels.

You collected 86 gold pieces.

Inventory:

Hand Weapons
 a - a cursed -2 whip
 f - a +0 mace
 h - a +0 whip
 k - a +0 dagger of pain
 l - a +0 whip
 n - a +2 whip of flaming (weapon)
Missiles
 c - 36 stones (quivered)
Jewellery
 g - a +3 ring of strength {unknown}
 i - an uncursed ring of protection from fire {unknown}
Scrolls
 e - a scroll of teleportation
 j - a scroll of magic mapping {unknown}
 p - a scroll of remove curse {unknown}
 q - 2 scrolls of identify {unknown}
Potions
 m - a potion of haste {unknown}
 o - a potion of brilliance {unknown}
 r - a potion of ambrosia {unknown}
Comestibles
 b - 6 rations


   Skills:
 + Level 4.3(4.0) Fighting
   Level 3.9(3.6) Long Blades
 + Level 3.4(3.1) Dodging
 + Level 0.6(0.3) Stealth


You had 3 spell levels left.
You didn't know any spells.
Your spell library was empty.

Dungeon Overview and Level Annotations

Branches:
Dungeon (2/15)

Altars:

Annotations:
D:1 Crazy Yiuf


Innate Abilities, Weirdness & Mutations

Your plain brown scales are hard. (AC +5)
You cannot fit into any form of body armour.
You are cold-blooded and may be slowed by cold attacks.


Message History

Crazy Yiuf cries, "Nubble!
Cod bush seventy."
Crazy Yiuf hits you with a quarterstaff of chaos!
* * * LOW HITPOINT WARNING * * *
You fade into invisibility!
You are very lightly contaminated with residual magic.
You feel much better.
Crazy Yiuf hits you with a quarterstaff of chaos!
* * * LOW HITPOINT WARNING * * *
Crazy Yiuf burns you.
* * * LOW HITPOINT WARNING * * *
Crazy Yiuf cries, "Cake!
Rifle snockshim Xom."
Crazy Yiuf cries, "Trifle!
Cholesterol dark agre."
You see here a dagger.
You flicker for a moment.
Crazy Yiuf cries, "Liver!"
There is a stone staircase leading down here.
Crazy Yiuf hits you with a quarterstaff of chaos.
* * * LOW HITPOINT WARNING * * *
You are electrocuted!
You die...

#........#
#........# #
#........# #
#........# ###
#........# ..####
##.#.#####
#.#..##### ###)#.#
#........###...#g#
...#####..#..###@#
.......##...## #.#
.......##..## #.#
...........#####.#
.................#
##..#............#
......#..........#
..#.###..........#
.................#


You could see Crazy Yiuf.

Vanquished Creatures
  A hound (D:1)
  2 adders (D:2)
  A worm (D:2)
  2 dart slugs (D:1)
  A giant cockroach (D:1)
  3 goblins
  A hobgoblin (D:1)
  8 jackals
  11 bats
  3 frilled lizards
  11 kobolds
  9 rats
  A bush (D:2)
  5 fungi (D:2)
59 creatures vanquished.

Notes
Turn   | Place    | Note
-------+----------+-------------------------------------------
     0 | D:1      | saradell the Draconian Berserker began the quest for the Orb.
     0 | D:1      | Reached XP level 1. HP: 19/19 MP: 1/1
    25 | D:1      | Reached XP level 2. HP: 25/26 MP: 2/2
   272 | D:1      | Reached ** piety under Trog
   349 | D:1      | Reached XP level 3. HP: 16/33 MP: 3/3
   658 | D:1      | Reached skill level 4 in Fighting
   658 | D:1      | Reached XP level 4. HP: 26/40 MP: 4/4
  1099 | D:2      | Found a runed door.
  1103 | D:2      | Noticed Crazy Yiuf
  1393 | D:1      | Mangled by Crazy Yiuf

Vault maps used:
D:1:      lightli_molten_gateway
D:2:      minmay_diamond_boxcup, uniq_crazy_yiuf_cottage

Skill      XL: |  1  2  3 |
---------------+----------+-----
Dodging        | 3 |  3.4
Fighting       | 4 |  4.3
Long Blades    | |  3.9
Stealth        | |  0.6

Action                   |  1- 3 |  4- 6 || total
-------------------------+-------+-------++-------
Melee: Falchion          |    88 |       ||    88
       Tailslap          |    15 |    38 ||    53
       Whip              |       |   158 ||   158
  Use: Scroll            |     1 |       ||     1
       Potion            |       |     2 ||     2
 Stab: Sleeping          |     1 |       ||     1
  Eat: Ration            |       |     1 ||     1
Armor: Skin              |    44 |    27 ||    71
Dodge: Dodged            |    80 |    68 ||   148
       Rpst.: Falchion   |    24 |       ||    24

Table legend:
 A = Spawn XP
 B = Non-spawn XP
 C = Spawn XP percentage of total XP
 D = Spawn monster count
 E = Non-spawn monster count
 F = Spawn count percentage of total count
 G = Total turns spent on level
                    A         B        C        D         E        F      G
               +---------+---------+-------+---------+---------+-------+---------
         Total |       0 |     153 |   0.0 |       0 |      53 |   0.0 |  1393
               +---------+---------+-------+---------+---------+-------+---------
           D:1 |       0 |     102 |   0.0 |       0 |      36 |   0.0 |   844
           D:2 |       0 |      51 |   0.0 |       0 |      17 |   0.0 |   549
               +---------+---------+-------+---------+---------+-------+---------
